 Dungeon Crawl Stone Soup version 0.13.1-19-g4b9377e (webtiles) character file.

386 Chiseanne the Ducker (level 6, -3/45 HPs)
             Began as a Merfolk Assassin on Dec 27, 2013.
             Killed by divine providence
             ... invoked by an orc priest
              (15 damage)
             ... on Level 3 of the Dungeon.
             The game lasted 00:09:50 (3095 turns).

Chiseanne the Ducker (Merfolk Assassin)             Turns: 3095, Time: 00:09:50

HP  -3/45        AC  4     Str 12      XL: 6   Next: 22%
MP   5/5         EV 17     Int 10      God:
Gold 116         SH  0     Dex 17      Spells:  0 memorised,  5 levels left

Res.Fire  : + . .   See Invis. : .   w - +0 blowgun
Res.Cold  : + . .   Warding    : .   l - +1 robe {rC+ rF+}
Life Prot.: . . .   Conserve   : .   (no shield)
Res.Poison: .       Res.Corr.  : .   (no helmet)
Res.Elec. : .       Clarity    : .   d - +0 cloak
Sust.Abil.: . .     Spirit.Shd : .   (no gloves)
Res.Mut.  : .       Stasis     : .   (no boots)
Res.Rott. : .       Flight     : .   (no amulet)
Saprovore : . . .                    (no ring)
                                     (no ring)

@: slightly resistant to hostile enchantments, stealthy
A: change form in water, swift swim
a: no special abilities


You were on level 3 of the Dungeon.
You were not hungry.

You visited 1 branch of the dungeon, and saw 3 of its levels.

You collected 66 gold pieces.

Inventory:

Hand weapons
 a - a +1,+3 dwarven anti-magic dagger
 k - a +0,+0 elven dagger of pain
 w - a +0 blowgun (weapon)
Missiles
 e - 2 poisoned needles (quivered)
Armour
 d - a +0 cloak (worn)
 l - a +1 robe of resistance (worn)
Comestibles
 g - 3 bread rations
 i - a meat ration
 m - a lemon
Scrolls
 c - a scroll of identify {unknown}
 h - 2 scrolls of remove curse {unknown}
 j - a scroll of recharging {unknown}
Potions
 o - a potion of agility {unknown}


   Skills:
 * Level 3.9 Fighting
 - Level 2.4 Short Blades
 - Level 2.0 Throwing
 * Level 6.9 Dodging
 - Level 4.3 Stealth


You had 5 spell levels left.
You didn't know any spells.

Dungeon Overview and Level Annotations

Branches:
Dungeon (3/27)

Altars:
Yredelemnul


Message History

The orc priest looks even sicker.
The orc priest is moderately wounded.
Firing (i - inventory. (,) - cycle):
e - 4 poisoned needles (quivered)
Press: ? - help, Shift-Dir - straight line, f/p - orc priest
Aim: an orc priest, wielding a halberd, wearing an orcish leather armour and wearing a small silver ring (heavily wounded, poisoned)
You shoot a poisoned needle.
The poisoned needle hits the orc priest.
The orc priest looks even sicker.
The orc priest is heavily wounded.
The orc priest hits you from afar with a halberd!
* * * LOW HITPOINT WARNING * * *
Firing (i - inventory. (,) - cycle):
e - 3 poisoned needles (quivered)
Press: ? - help, Shift-Dir - straight line, f/p - orc priest
Aim: an orc priest, wielding a halberd, wearing an orcish leather armour and wearing a small silver ring (severely wounded, poisoned)
You shoot a poisoned needle.
The poisoned needle misses the orc priest.
The orc priest misses you.
The orc priest mumbles some strange prayers to Beogh against you.
Something smites you!
You die...

# #....## # #.#..#
#.##.#..# #.......#
####.#.### ##### ###
#......
####.(.####.#####.###
#......<.....# #....
###.##@..####.## #####
#......######.###
#.#.##o##...<...# #
#(##.###.#.# #)#
#....#### #(# #.......#
...(..((....##.......#
##(###.....##.##.##.####
..(....#.##....#...


You could see an orc priest.

Vanquished Creatures
  An orc priest (D:3)
  A gnoll shaman (D:3)
  Jessica (D:2)
  2 adders (D:2)
  2 big fish zombies (D:2)
  9 gnolls
  A worm (D:3)
  An ooze (D:2)
  8 orcs (D:3)
  4 ball pythons
  A giant cockroach (D:3)
  6 hobgoblins
  3 jackals (D:3)
  6 bats
  2 giant newts (D:2)
  7 goblins
  11 kobolds
  2 rats
68 creatures vanquished.

Notes
Turn   | Place    | Note
--------------------------------------------------------------
     0 | D:1      | Chiseanne, the Merfolk Assassin, began the quest for the Orb.
     0 | D:1      | Reached XP level 1. HP: 15/15 MP: 0/0
   245 | D:1      | Reached XP level 2. HP: 21/21 MP: 1/1
  1082 | D:2      | Reached XP level 3. HP: 25/27 MP: 2/2
  1214 | D:2      | Noticed Jessica
  1224 | D:2      | Killed Jessica
  1395 | D:2      | Reached XP level 4. HP: 6/33 MP: 3/3
  2061 | D:2      | Found a basalt altar of Yredelemnul.
  2075 | D:2      | Reached skill level 5 in Dodging
  2084 | D:2      | Reached XP level 5. HP: 35/39 MP: 1/4
  2877 | D:3      | Reached skill level 6 in Dodging
  2896 | D:3      | Reached XP level 6. HP: 31/45 MP: 1/5
  3095 | D:3      | Killed from afar by an orc priest

Action                   |  1- 3 |  4- 6 || total
-------------------------+-------+-------++-------
Melee: Dagger            |   106 |    84 ||   190
 Fire: Blowgun           |    11 |    25 ||    36
  Use: Potion            |       |     1 ||     1
 Stab: Sleeping          |     2 |     4 ||     6
